 Dungeon Crawl Stone Soup version 0.30-a0-718-geaa24f58ff (webtiles) character file.

Game seed: 6420992467675326844

47 Newt the Trooper (level 3, 0/29 HPs)
             Began as a Demonspawn Gladiator on Jan 25, 2023.
             Succumbed to an adder's poison
             ... on level 2 of the Dungeon.
             The game lasted 00:02:16 (1070 turns).

Newt the Trooper (Demonspawn Gladiator)             Turns: 1070, Time: 00:02:16

Health: 0/29       AC:  3    Str: 16    XL:     3   Next: 48%
Magic:  3/3        EV: 12    Int:  9    God:
Gold:   67         SH:  0    Dex: 14    Spells: 2/2 levels left

rFire   . . .      SeeInvis .    a - +0 rapier
rCold   . . .      Faith    .    (no shield)
rNeg    . . .      Spirit   .    b - +0 leather armour
rPois   +          Reflect  .    (helmet restricted)
rElec   .          Harm     .    (no cloak)
rCorr   .          Rampage  .    (no gloves)
Will    .....                    (no boots)
Stlth   ++                       (no amulet)
HPRegen 0.24/turn                f - ring of poison resistance
MPRegen 0.08/turn                (no ring)

@: mighty, lethally poisoned (0 -> -4)
A: antennae 1
a: no special abilities


You were on level 2 of the Dungeon.
You visited 1 branch of the dungeon, and saw 2 of its levels.

You collected 67 gold pieces.

Inventory:

Hand Weapons
 a - a +0 rapier (weapon)
Missiles
 d - 3 throwing nets (quivered)
Armour
 b - a +0 leather armour (worn)
 c - a +0 helmet
Jewellery
 f - a ring of poison resistance (left hand)
Scrolls
 g - a scroll of fear {unknown}
 j - a scroll of teleportation {unknown}
 k - 3 scrolls of magic mapping {unknown}
 n - a scroll of enchant armour {unknown}
Potions
 h - a potion of curing {unknown}
 i - a potion of brilliance {unknown}
 l - a potion of cancellation {unknown}
 m - a potion of might
 o - a potion of mutation {unknown}


   Skills:
 + Level 3.2 Fighting
 - Level 2.6 Short Blades
 - Level 1.7 Throwing
 - Level 2.6 Dodging
 - Level 2.0 Stealth


You had 2 spell levels left.
You didn't know any spells.
Your spell library contained the following spells:

 Spells                   Type           Power      Damage    Failure   Level
 Freeze                   Ice            0%         1d3       45%         1
 Frozen Ramparts          Ice            0%         1d1       83%         3
 Hailstorm                Conj/Ice       0%         3d3       83%         3
 Kindle Blastsparks       Fire/Tloc/Air  0%         2d10      83%         3
 Fulminant Prism          Conj/Hex       0%         3d5       99%         4
 Iskenderun's Mystic Bla  Conj/Tloc      0%         2d3       99%         4
 Lee's Rapid Deconstruct  Erth           0%         3d4*      100%        5


Dungeon Overview and Level Annotations

Branches:
Dungeon (2/15)

Altars:

Shops:
D:1 [


Innate Abilities, Weirdness & Mutations

You have a pair of small antennae on your head.


Message History

You miss the adder.
The adder is severely wounded.
The goblin hits you but does no damage. The adder barely misses you.
The goblin closely misses you.
You hit the adder.
The adder is almost dead.
The adder bites you. x2
You are poisoned.
The adder poisons you! The goblin hits you but does no damage.
You hit the adder.
You kill the adder!
You feel sick. The goblin hits you with a +0 dagger.
You barely miss the adder.
You feel sick. The adder closely misses you. The goblin closely misses you.
You hit the adder but do no damage.
You feel sick. The adder closely misses you. The goblin closely misses you.
The adder bites you.
You are more poisoned.
The adder poisons you!
You are too injured to fight recklessly!
You are too injured to fight recklessly!
You are too injured to fight recklessly!
There are monsters nearby!
There are monsters nearby!
You are too injured to fight recklessly!
Unknown command.
You feel sick.
You feel sick.
Throw: javelin
Press: ? - help, Shift-Dir - straight line, f - adder
Aim: an adder (40% to hit)
You throw a javelin. The javelin misses the adder.
The javelin closely misses the goblin.
You feel sick. The adder bites you.
* * * LOW HITPOINT WARNING * * *
The adder bites you.
* * * LOW HITPOINT WARNING * * *
It was a potion of might.
You feel very mighty all of a sudden.
You die...

........ ........
........ ###..####
##### ## .# ## #
#.†.# .##.## #
##♣.<.♣## ....?## #
#.......#####..?....
#
#.<.♣...'.@SgS...(..
.
#.......######.#.###
. ##♣.<.♣## .. #...#
... ##### ..# .# #


You could see an adder, a goblin and a ball python.

Vanquished Creatures
  An adder (D:2)
  2 dart slugs
  A ball python (D:1)
  6 bats
  3 endoplasms (D:1)
  A giant cockroach (D:1)
  5 hobgoblins
  2 jackals (D:1)
  5 goblins
  A kobold (D:2)
  3 rats
30 creatures vanquished.

Notes
Turn   | Place    | Note
-------+----------+-------------------------------------------
     0 | D:1      | Newt the Demonspawn Gladiator began the quest for the Orb.
     0 | D:1      | Reached XP level 1. HP: 16/16 MP: 1/1
    48 | D:1      | You fall into a shaft and drop 1 floor!
    94 | D:2      | Reached skill level 1 in Stealth
   187 | D:2      | Gained mutation: You have a pair of small antennae on your
                  | head. [demonic ancestry]
   187 | D:2      | Reached XP level 2. HP: 21/22 MP: 2/2
   529 | D:1      | Found Itibashui's Antique Armour Shoppe.
   697 | D:1      | Reached XP level 3. HP: 28/28 MP: 3/3
  1042 | D:2      | Reached skill level 3 in Fighting
  1069 | D:2      | HP: 1/29 [adder (2)]
  1070 | D:2      | Succumbed to an adder's poison

Illustrated notes

Levels and vault maps discovered:
D:1:      tarquinn_simple_flora_water_d, layout_loops_ring, serial_shops,
          nicolae_shop_trees, serial_bayou_lagoon_b
D:2:      layout_rooms, grunt_ministairs_7

Skill      XL: |  1  2  3 |
---------------+----------+-----
Stealth        | 1 2 |  2.0
Fighting       | 3 |  3.2
Short Blades   | |  2.6
Throwing       | |  1.7
Dodging        | |  2.6

Action                     || total
---------------------------++-------
  Melee: Rapier            ||   112
         Punch             ||     1
  Throw: Javelin           ||     1
    Use: Potion            ||     1
   Stab: Sleeping          ||     5
 Armour: Leather armour    ||    41
  Dodge: Dodged            ||    94

Table legend: (Time is in decaauts)
 A = Elapsed time spent in this place.
 B = Non-inter-level travel time spent in this place.
 C = Inter-level travel time spent in this place.
 D = Time resting spent in this place.
 E = Time spent auto-exploring this place.
 F = Levels seen in this place.
 G = Mean time per level.
                   A        B        C        D        E       F      G
               +--------+--------+--------+--------+--------+-----+--------+
         Total |   1094 |   1064 |     30 |      0 |    838 |   2 |  547.0 |
       Dungeon |   1094 |   1064 |     30 |      0 |    838 |   2 |  547.0 |
               +--------+--------+--------+--------+--------+-----+--------+

Top non-repeatable levels by time:
     D:1: 832 daAuts
     D:2: 262 daAuts
